 Dungeon Crawl Stone Soup version 0.20.1-1-g8b1a95d (webtiles) character file.

759 Minstaer the Geomancer (level 7, -2/32 HPs)
             Began as a Gargoyle Earth Elementalist on Nov 7, 2017.
             Was a Follower of Hepliaklqana.
             Shot with an arrow by a centaur (5 damage)
             ... on level 5 of the Dungeon.
             The game lasted 00:42:34 (5361 turns).

Minstaer the Geomancer (GrEE)                       Turns: 5361, Time: 00:42:35

Health: -2/32      AC:  6    Str: 13    XL:     7   Next: 80%
Magic:  15/15      EV: 12    Int: 16    God:    Hepliaklqana [*.....]
Gold:   200        SH:  0    Dex: 10    Spells: 6/17 levels left

rFire    . . .     SeeInvis .   v - +0 short sword (elec)
rCold    + . .     Gourm    .   (no shield)
rNeg     + . .     Faith    .   c - +0 robe
rPois    ∞         Spirit   .   (no helmet)
rElec    +         Reflect  .   (no cloak)
rCorr    .         Harm     .   (no gloves)
MR       .....                  (no boots)
Stlth    ++........             (no amulet)
Regen    0.1/turn               q - ring of protection from cold
MPRegen  0.2/turn               (no ring)

@: no status effects
A: reduced essence, negative energy resistance 1, electricity resistance,
unbreathing, petrification resistance, rot immunity, AC +4
a: Recall Ancestor, Ancestor Identity, Renounce Religion


You were on level 5 of the Dungeon.
You worshipped Hepliaklqana.
Hepliaklqana was aware of your devotion.
You were very hungry.

You visited 1 branch of the dungeon, and saw 5 of its levels.

You collected 200 gold pieces.

Inventory:

Hand Weapons
 h - a +0 dagger
 o - a +0 hunting sling
 s - a +1 dagger of venom
 v - a +0 short sword of electrocution (weapon)
 w - a +0 mace
 J - a +0 flail
 M - a +1 flail of holy wrath
Missiles
 b - 48 stones (quivered)
 m - 63 arrows
 r - 12 poisoned needles
 x - 42 sling bullets
 E - 32 bolts
Armour
 c - a +0 robe (worn)
 g - a +0 ring mail
 C - a +0 leather armour
 K - a +2 shield
Jewellery
 q - a ring of protection from cold (left hand)
Wands
 D - a wand of disintegration (10/24)
Scrolls
 a - a scroll of fog
 f - a scroll of recharging {unknown}
 i - a scroll of enchant weapon {unknown}
 j - a scroll of noise {unknown}
 k - 8 scrolls of identify {unknown}
 n - a scroll of blinking {unknown}
 t - 2 scrolls of remove curse
 y - 3 scrolls of teleportation {unknown}
 L - a scroll of enchant armour {unknown}
Potions
 l - 2 potions of degeneration {unknown}
 p - 3 potions of might {unknown}
 u - a potion of heal wounds {unknown}
 A - a potion of haste {unknown}
 B - 4 potions of curing {unknown}
 F - a potion of flight {unknown}
 I - a potion of lignification {unknown}
Books
 e - a book of Geomancy

   Spells                             Type                      Level
   a - Sandblast                      Earth                        1
   b - Passwall                       Transmutation/Earth          2
   c - Stone Arrow                    Conjuration/Earth            3
   d - Petrify                        Transmutation/Earth          4
   e - Lee's Rapid Deconstruction     Earth                        5
Comestibles
 d - 4 bread rations
 z - 2 meat rations
 H - a fruit


   Skills:
 - Level 1.7 Dodging
 - Level 2.1 Stealth
 + Level 5.5 Spellcasting
 - Level 0.7 Transmutations
 + Level 8.1 Earth Magic


You had 6 spell levels left.
You knew the following spells:

 Your Spells              Type           Power        Failure   Level  Hunger
a - Sandblast             Erth           ####..       1%          1    None
b - Passwall              Tmut/Erth      ###.......   3%          2    #......
c - Stone Arrow           Conj/Erth      ###...       9%          3    ###....
d - Lee's Rapid Deconstr  Erth           ####......   14%         5    ######.


Dungeon Overview and Level Annotations

Branches:
Dungeon (5/15)
 Temple: D:4-7

Altars:
Hepliaklqana
Trog
Uskayaw
Xom
Zin

Annotations:
D:3 AdmiralAndromeda's ghost, amateur MiFi
D:5 Pikel


Innate Abilities, Weirdness & Mutations

You are resistant to torment.
Your stone body is resilient. (AC +4)
You are immune to poison.
You resist negative energy. (rN+)
You are resistant to electric shocks. (rElec)
You can survive without breathing.
You are immune to petrification.
You are immune to rotting.
Your life essence is reduced to manifest your ancestor. (-10% HP)


Message History

There is a stone staircase leading up here.
You swap places.
The centaur shouts!
The centaur shoots an arrow.
The arrow hits you.
You see here an arrow.
The centaur shoots an arrow.
The arrow barely misses you.
The centaur shoots an arrow.
The arrow hits you!
The centaur shoots an arrow.
The arrow hits you!
* * * LOW HITPOINT WARNING * * *
You see here 2 arrows.
The centaur shoots an arrow.
The arrow hits you.
* * * LOW HITPOINT WARNING * * *
There is a stone staircase leading down here.
You see here an arrow.
The centaur shoots an arrow.
The arrow hits you.
* * * LOW HITPOINT WARNING * * *
The centaur shoots an arrow.
The arrow closely misses you.
You see here an arrow.
The centaur shoots an arrow.
The arrow hits you.
You die...

##### #...# #..?#
#.((# #@(.## ##(R..#
## #.....#### #.
#.....p..p########.
#<#######....(p.p..
#.#########.p##....
.c##...<.cKp####..#
...#..#########>....
..... .....###.


You could see the friendly Takurtum the ancestor, a slave and a centaur.

Vanquished Creatures
  Edmund (D:5)
  2 slaves
  A howler monkey (D:4)
  A crimson imp (D:5)
  2 orc priests
  A hound (D:4)
  Ijyb (D:4)
  Terence (D:2)
  2 orc wizards
  A worker ant (D:5)
  7 adders
  An ancestor (D:4)
  3 oozes
  6 worms
  2 dart slugs
  A leopard gecko (D:1)
  13 orcs
  A ball python (D:2)
  5 bats
  3 giant cockroaches
  6 hobgoblins
  8 jackals
  6 kobolds
  2 quokkas
  6 frilled lizards
  8 goblins
  6 rats
97 creatures vanquished.

Vanquished Creatures (collateral kills)
  A crimson imp (D:5)
  A bullfrog skeleton (D:5)
  A jelly (D:4)
  2 orc wizards (D:4)
  A leopard gecko (D:4)
  An orc (D:3)
  A ball python (D:3)
  2 jackals (D:5)
10 creatures vanquished.

Vanquished Creatures (others)
  2 ancestors
2 creatures vanquished.

Grand Total: 109 creatures vanquished

Notes
Turn   | Place    | Note
-------+----------+-------------------------------------------
     0 | D:1      | Minstaer the Gargoyle Earth Elementalist began the quest for the Orb.
     0 | D:1      | Reached XP level 1. HP: 10/10 MP: 3/3
   408 | D:1      | Reached XP level 2. HP: 15/15 MP: 3/5
   466 | D:1      | Reached skill level 4 in Earth Magic
   702 | D:2      | Reached XP level 3. HP: 17/19 MP: 3/6
   713 | D:2      | Learned a level 2 spell: Passwall
   717 | D:2      | Learned a level 3 spell: Stone Arrow
  1318 | D:2      | Noticed Terence
  1740 | D:2      | Reached XP level 4. HP: 24/24 MP: 2/8
  2030 | D:2      | Killed Terence
  2030 | D:2      | Reached skill level 5 in Earth Magic
  2549 | D:3      | Found a glowing silver altar of Zin.
  2549 | D:3      | Found a shimmering altar of Xom.
  2556 | D:3      | Found a hide-covered altar of Uskayaw.
  2561 | D:3      | Found a bloodstained altar of Trog.
  2563 | D:3      | Found a hazy altar of Hepliaklqana.
  2802 | D:3      | Reached XP level 5. HP: 28/28 MP: 6/10
  2836 | D:3      | Noticed AdmiralAndromeda's ghost (amateur MiFi)
  2924 | D:3      | Became a worshipper of Hepliaklqana the Forgotten
  3610 | D:3      | Learned a level 5 spell: Lee's Rapid Deconstruction
  3695 | D:3      | Reached skill level 6 in Earth Magic
  3755 | D:3      | HP: 1/25 [AdmiralAndromeda's ghost (15)]
  4074 | D:4      | Reached XP level 6. HP: 24/28 MP: 8/12
  4147 | D:4      | Noticed Ijyb
  4154 | D:5      | Entered Level 5 of the Dungeon
  4383 | D:4      | Killed Ijyb
  4571 | D:4      | Reached skill level 7 in Earth Magic
  4590 | D:4      | Reached XP level 7. HP: 29/32 MP: 9/14
  4856 | D:5      | Reached * piety under Hepliaklqana
  4862 | D:5      | Reached skill level 5 in Spellcasting
  4938 | D:5      | Noticed Edmund
  4960 | D:5      | Killed Edmund
  4960 | D:5      | Reached skill level 8 in Earth Magic
  5100 | D:5      | Noticed Pikel
  5361 | D:5      | Shot with an arrow by a centaur

Skill      XL: |  1  2  3  4  5  6  7 |
---------------+----------------------+-----
Earth Magic    | 4 5 6 7 8 |  8.1
Spellcasting   | 3 4 5 |  5.5
Dodging        | |  1.7
Stealth        | |  2.1
Transmutations | |  0.7

Action                   |  1- 3 |  4- 6 |  7- 9 || total
-------------------------+-------+-------+-------++-------
Melee: Unarmed           |    16 |       |       ||    16
       Dagger            |    42 |     8 |       ||    50
       Short sword       |       |    70 |    42 ||   112
Throw: Stone             |       |     1 |       ||     1
 Cast: Sandblast         |    25 |    37 |    15 ||    77
       Stone Arrow       |     9 |    20 |     3 ||    32
       Lee's Rapid Decon |       |     2 |     3 ||     5
Invok: Recall Ancestor   |       |     1 |       ||     1
  Use: Scroll            |       |     2 |       ||     2
 Stab: Sleeping          |       |     1 |     2 ||     3
  Eat: Chunk             |     2 |     9 |     3 ||    14
       Bread ration      |     1 |       |       ||     1
Armor: Robe              |    17 |    31 |    17 ||    65
Dodge: Dodged            |    53 |    60 |    30 ||   143
